 Dungeon Sprint DCSS version 0.28.0-62-gf88900778d (webtiles) character file.

Game seed: 8722771018721527860

116 cbfl8 the Covered (level 4, -20/44 HPs)
             Began as a Minotaur Fighter on Jan 14, 2024.
             Killed from afar by an oklob sapling priest (29 damage)
             ... with a splash of acid
             ... in the Dungeon (Sprint IV: "Fedhas' Mad Dash").
             The game lasted 00:01:08 (605 turns).

cbfl8 the Covered (Minotaur Fighter)                 Turns: 605, Time: 00:01:09

Health: -20/44     AC:  7    Str: 20    XL:     4   Next: 69%
Magic:  3/3        EV:  9    Int:  5    God:
Gold:   98         SH:  5    Dex: 12    Spells: 3/3 levels left

rFire   . . .      SeeInvis .   a - +0 war axe
rCold   . . .      Faith    .   c - +0 buckler
rNeg    . . .      Spirit   .   b - +0 scale mail
rPois   .          Reflect  .   (helmet restricted)
rElec   .          Harm     .   (no cloak)
rCorr   .          Rampage  .   (no gloves)
Will    .....      NoTele   +   (no boots)
Stlth   ..........              i - amulet of invisibility {+Inv}
HPRegen 0.14/turn               (no ring)
MPRegen 0.08/turn               (no ring)

@: no status effects
A: horns 2, retaliatory headbutt
a: Evoke Invisibility


You were in the Dungeon.
You visited 1 branch You collected 98 gold pieces.

Inventory:

Hand Weapons
 a - a +0 war axe (weapon)
Armour
 b - a +0 scale mail (worn)
 c - a +0 buckler (worn)
Jewellery
 i - the amulet of invisibility (around neck) {+Inv}
   (You found it in the Dungeon)

   [amulet of nothing]

   +Inv:      It lets you turn invisible.
Scrolls
 j - a scroll of blinking
Potions
 d - a potion of might
 e - a potion of curing
 f - a potion of heal wounds
 g - a potion of haste
 h - 2 potions of magic


   Skills:
 + Level 6.2 Fighting
 + Level 4.5 Axes
 + Level 7.0 Armour
 + Level 6.3 Shields
 * Level 3.1 Evocations


You had 3 spell levels left.
You didn't know any spells.
Your spell library was empty.

Dungeon Overview and Level Annotations

Branches:
Dungeon (1/1)

Altars:
Cheibriados
Dithmenos
Elyvilon
Gozag
Hepliaklqana
Kikubaaqudgha
Makhleb
Nemelex Xobeh
Okawaru
Qazlal
Ru
Sif Muna
Trog
Uskayaw
Vehumet
Wu Jian
Xom
Yredelemnul
Zin
The Shining One
Beogh
Jiyva
Lugonu

Annotations:
D exclusion: oklob sapling


Innate Abilities, Weirdness & Mutations

You have a pair of horns on your head.
You reflexively headbutt those who attack you in melee.


Message History

An oklob sapling comes into view.
Marking area around an oklob sapling as unsafe for travelling.
Found 21 gold pieces.
There is an open door here.
You slash the oklob sapling!
You destroy the oklob sapling!
Your Armour skill increases to level 7!
Your Evocations skill increases to level 3!
Unknown command.
Unknown command.
You now have 87 gold pieces (gained 10).
You now have 98 gold pieces (gained 11).
There is an open door here.
You open the door.
Found ten altars.
An oklob sapling priest comes into view.
Found three altars.
The oklob sapling priest miscasts a cantrip.
Marking area around an oklob sapling priest as unsafe for travelling.
There is an open door here.
Found three altars.
Found two altars.
Found three altars.
There is an opulent altar of Gozag here.
Found a corrupted altar of Lugonu and a radiant altar of Vehumet.
The oklob sapling priest looks satisfied for a moment.
There is a hazy altar of Hepliaklqana here.
The oklob sapling priest mumbles some strange prayers to its god against you.
Something smites you!
You hit the oklob sapling priest but do no damage.
You headbutt the oklob sapling priest.
The oklob sapling priest is lightly damaged.
The oklob sapling priest spits acid at you.
The splash of acid hits you!!
Ouch! That really hurt!
* * * LOW HITPOINT WARNING * * *
The oklob sapling priest spits acid at you.
The splash of acid hits you!!
Ouch! That really hurt!
You die...

########################
....#.....#.⌠._._._._.⌠.
....'.#†[.'.._._@_._._..
....#.#...#..._._P_._...
########'##.._._._._._..
+...#._._._._._.⌠.
#...############## #####


You could see an oklob sapling priest.

Vanquished Creatures
  A scorpion (D)
  2 oklob saplings (D)
  A river rat (D)
  A rat (D)
5 creatures vanquished.

Notes
Turn   | Place    | Note
-------+----------+-------------------------------------------
     0 | D        | cbfl8 the Minotaur Fighter began the quest for the Orb.
     0 | D        | Reached XP level 1. HP: 19/19 MP: 0/0
    13 | D        | Reached skill level 4 in Armour
    13 | D        | Reached XP level 2. HP: 13/28 MP: 1/1
   282 | D        | Noticed an oklob sapling
   294 | D        | Killed an oklob sapling
   295 | D        | Reached skill level 5 in Fighting
   295 | D        | Reached skill level 5 in Armour
   295 | D        | Reached skill level 5 in Shields
   295 | D        | Reached skill level 1 in Evocations
   295 | D        | Reached XP level 3. HP: 33/36 MP: 2/2
   499 | D        | Noticed a scorpion
   499 | D        | Found the amulet of invisibility {+Inv}
   506 | D        | Killed a scorpion
   507 | D        | Reached skill level 6 in Armour
   507 | D        | Reached XP level 4. HP: 34/44 MP: 3/3
   585 | D        | Reached skill level 7 in Armour
   597 | D        | Found an opulent altar of Gozag.
   597 | D        | Found a hazy altar of Hepliaklqana.
   597 | D        | Found a burning altar of Makhleb.
   597 | D        | Found a sparkling altar of Nemelex Xobeh.
   597 | D        | Found a snail-covered altar of Cheibriados.
   597 | D        | Found a sacrificial altar of Ru.
   597 | D        | Found a shimmering blue altar of Sif Muna.
   597 | D        | Found a shimmering altar of Xom.
   597 | D        | Found a basalt altar of Yredelemnul.
   598 | D        | Found a viscous altar of Jiyva.
   598 | D        | Found a bloodstained altar of Trog.
   598 | D        | Found an ornate altar of the Wu Jian Council.
   599 | D        | Found an iron altar of Okawaru.
   599 | D        | Found a shadowy altar of Dithmenos.
   599 | D        | Found a glowing silver altar of Zin.
   600 | D        | Found an ancient bone altar of Kikubaaqudgha.
   600 | D        | Found a hide-covered altar of Uskayaw.
   601 | D        | Found a stormy altar of Qazlal.
   601 | D        | Found a white marble altar of Elyvilon.
   601 | D        | Found a glowing golden altar of the Shining One.
   602 | D        | Found a corrupted altar of Lugonu.
   602 | D        | Found a radiant altar of Vehumet.
   605 | D        | Killed from afar by an oklob sapling priest

Illustrated notes

Levels and vault maps discovered:
D:        dungeon_sprint_fedhas [sprint_temple]

Skill      XL: |  1  2  3  4 |
---------------+-------------+-----
Fighting       | 4 5 6 |  6.2
Armour         | 4 5 6 7 |  7.0
Shields        | 4 5 6 |  6.3
Axes           | 3 4 |  4.5
Evocations     | 1 2 3 |  3.1

Action                   |  1- 3 |  4- 6 || total
-------------------------+-------+-------++-------
Melee: War axe           |    15 |     2 ||    17
       Headbutt          |     2 |     1 ||     3
  Use: Potion            |     1 |       ||     1
Armor: Scale mail        |     5 |       ||     5
Dodge: Dodged            |     6 |       ||     6
Block: Buckler           |     4 |       ||     4
